AoeStats
← PetroJudas

Arabia

507831318Analyzed
2v2 RM · 13d ago on Sep 19, 2026· 24m 36s· 4 players
Game mode
Random Map
Map size
Medium (4 player)
Population
200
Speed
Normal
Resources
Standard
Victory
Conquest
Starting age
Dark Age
Ending age
Imperial Age
RankedLock teamsTeams togetherTeam positionsShared explorationLock speedFull tech treeHidden civsTurbo modeCheats
Victory
Defeat
🇪🇸 Khmer · Spain
956
+13
🇪🇸 Poles · Spain
947
+14
🇨🇴 Italians · Colombia
942
-44
🇨🇴 Vietnamese · Colombia
846
-12
PetroJudas
7:42 Loom
10:18 Feudal Age
11:36 Double-Bit Axe
11:33 Horse Collar
18:47 Wheelbarrow
19:04 Town Watch
21:45 Castle Age
20:14 Scale Barding Armor
21:34 Forging
23:27 Hand Cart
23:25 Bloodlines
23:15 Husbandry
22:37 Light Cavalry
23:33 Town Watch
24:08 Stone Mining
24:08 Gold Mining
25:25 Iron Casting
silvap.javier
11:11 Feudal Age
9:26 Loom
14:57 Castle Age
13:26 Double-Bit Axe
13:33 Gold Mining
13:27 Horse Collar
16:23 Wheelbarrow
15:34 Town Watch
16:16 Scale Barding Armor
17:34 Bloodlines
juliechavezvargas13
3:13 Loom
11:50 Feudal Age
15:05 Double-Bit Axe
20:15 Castle Age
20:46 Scale Barding Armor
21:34 Forging
21:45 Fletching
Joel
0:27 Loom
13:23 Feudal Age
14:42 Wheelbarrow
13:55 Double-Bit Axe
26:13 Castle Age
24:31 Forging
Connection lost

Rejoining the realm…

Still unreachable

The connection could not be restored.

Session expired

The server has moved on; the page needs a fresh start.